 Dungeon Crawl Stone Soup version 0.25.1-2-g60ff931df9 (webtiles) character file.

Game seed: 17784376868460280950

156 Ivernyr the Chiller (level 5, -1/38 HPs)
             Began as a Human Ice Elementalist on Oct 19, 2020.
             Succumbed to Crazy Yiuf's poison
             ... on level 2 of the Dungeon.
             The game lasted 00:08:48 (2584 turns).

Ivernyr the Chiller (Human Ice Elementalist)        Turns: 2584, Time: 00:08:48

Health: -1/38      AC:  3    Str:  8    XL:     5   Next: 64%
Magic:  8/10       EV: 13    Int: 16    God:
Gold:   51         SH:  0    Dex: 14    Spells: 3/10 levels left

rFire    . . .     SeeInvis .   g - +0 flail (vorpal)
rCold    . . .     Gourm    .   (no shield)
rNeg     . . .     Faith    .   a - +0 robe
rPois    .         Spirit   .   (no helmet)
rElec    .         Reflect  .   (no cloak)
rCorr    +         Harm     .   (no gloves)
MR       .....                  k - +0 pair of boots
Stlth    ++........             (no amulet)
HPRegen  0.12/turn              l - ring of resist corrosion
MPRegen  0.12/turn              (no ring)

@: lethally poisoned (-1 -> -24), frozen ramparts
A: no striking features
a: no special abilities


You were on level 2 of the Dungeon.
You were not hungry.

You visited 1 branch of the dungeon, and saw 2 of its levels.

You collected 51 gold pieces.

Inventory:

Hand Weapons
 g - a +0 vorpal flail (weapon)
Armour
 a - a +0 robe (worn)
 k - a +0 pair of boots (worn)
Jewellery
 l - a ring of resist corrosion (left hand)
Wands
 i - a wand of digging (8)
Scrolls
 d - 2 scrolls of teleportation {unknown}
 e - 3 scrolls of fear {unknown}
 f - 5 scrolls of identify {unknown}
 j - a scroll of amnesia {unknown}
 m - a scroll of enchant weapon {unknown}
Potions
 b - a potion of curing {unknown}
 n - a potion of degeneration {unknown}
Comestibles
 c - 6 rations
 h - a chunk of flesh


   Skills:
 + Level 2.0 Fighting
 + Level 2.9 Dodging
 - Level 2.0 Stealth
 * Level 3.4 Spellcasting
 + Level 4.5 Ice Magic


You had 3 spell levels left.
You knew the following spells:

 Your Spells              Type           Power        Failure   Level  Hunger
a - Freeze                Ice            ###.         2%          1    None
b - Frozen Ramparts       Ice            ###...       9%          3    ###....
c - Ozocubu's Armour      Chrm/Ice       ##......     22%         3    ###....

Your spell library contained the following spells:

 Spells                   Type           Power        Failure   Level  Hunger
 Hailstorm                Conj/Ice       ##......     56%         4    ####...
 Summon Ice Beast         Ice/Summ       ##......     56%         4    ####...


Dungeon Overview and Level Annotations

Branches:
Dungeon (2/15)

Altars:
Dithmenos
Nemelex Xobeh


Message History

You barely miss Crazy Yiuf.
Crazy Yiuf is lightly wounded.
The wall freezes Crazy Yiuf.
Crazy Yiuf hits you with a +2 quarterstaff of chaos!
You are poisoned.
The wall freezes Crazy Yiuf.
Crazy Yiuf hits you with a +2 quarterstaff of chaos!
You are electrocuted!
Some of the chunks of flesh in your inventory have rotted away.
You barely miss Crazy Yiuf.
Crazy Yiuf is severely wounded.
* * * LOW HITPOINT WARNING * * *
You feel sick.
The wall freezes Crazy Yiuf.
Crazy Yiuf hits you with a +2 quarterstaff of chaos!
* * * LOW HITPOINT WARNING * * *
You are more poisoned.
You hit Crazy Yiuf.
You kill Crazy Yiuf!
Your Fighting skill increases to level 2!
You die...

.......##...#####.#...........#
############# ##.######.....#
### ##...## ####.#####
#....##... ####.##... ####♣ ###
####...... ##...♣♣♣ ♣♣#..)#
#......... #....PP♣♣♣♣@)...#
#...<..... ##....PP.♣..♣#...#
####...... #..#....♣.♣♣♣ ###
#.##... ##.####♣♣♣♣♣ #.###.#
####..# #.# #.# .....## ###
##### #.# #.# .##### #.# #.#.#
#.# #.# .# #.# #.#.# #.# #.. .#
#.# #.#.###.# ###


There were no monsters in sight!

Vanquished Creatures
  Crazy Yiuf (D:2)
  Natasha (twice) (D:2)
  2 adders (D:2)
  2 worms (D:2)
  4 dart slugs
  A leopard gecko (D:2)
  3 ball pythons (D:2)
  2 giant cockroaches
  4 goblins
  5 hobgoblins
  7 bats
  3 frilled lizards
  5 kobolds
  9 rats
  A fungus (D:2)
51 creatures vanquished.

Notes
Turn   | Place    | Note
-------+----------+-------------------------------------------
     0 | D:1      | Ivernyr the Human Ice Elementalist began the quest for the
                  | Orb.
     0 | D:1      | Reached XP level 1. HP: 13/13 MP: 3/3
   403 | D:1      | Reached XP level 2. HP: 18/20 MP: 1/5
  1183 | D:2      | Reached XP level 3. HP: 25/25 MP: 3/6
  1357 | D:2      | Reached skill level 1 in Fighting
  1693 | D:2      | Reached XP level 4. HP: 32/32 MP: 4/8
  1780 | D:2      | Learned a level 3 spell: Frozen Ramparts
  1784 | D:2      | Learned a level 3 spell: Ozocubu's Armour
  1878 | D:2      | Noticed Natasha
  1882 | D:2      | Killed Natasha
  1960 | D:2      | Noticed Natasha
  1967 | D:2      | Killed Natasha
  1967 | D:2      | Reached XP level 5. HP: 31/38 MP: 4/9
  2193 | D:2      | Found a sparkling altar of Nemelex Xobeh.
  2359 | D:2      | Found a shadowy altar of Dithmenos.
  2574 | D:2      | Found a runed translucent door.
  2575 | D:2      | Noticed Crazy Yiuf
  2583 | D:2      | HP: 1/38 [Crazy Yiuf/+2 quarterstaff of chaos (10)]
  2584 | D:2      | Killed Crazy Yiuf
  2584 | D:2      | Succumbed to Crazy Yiuf's poison

Illustrated notes

Levels and vault maps discovered:
D:1:      dpeg_arrival_rhombus, layout_basic, minmay_tetromino_i4
D:2:      layout_loops_ring, nemelex_xobeh_ov_fountains_minmay,
          marbit_many_paths, first_ration, uniq_crazy_yiuf_cottage, uniq_natasha

Skill      XL: |  1  2  3  4  5 |
---------------+----------------+-----
Fighting       | 1 2 |  2.0
Spellcasting   | 3 |  3.4
Dodging        | |  2.9
Stealth        | |  2.0
Ice Magic      | |  4.5

Action                   |  1- 3 |  4- 6 || total
-------------------------+-------+-------++-------
Melee: Unarmed           |     4 |       ||     4
       Club              |    21 |       ||    21
       Mace              |       |    24 ||    24
       Flail             |       |    20 ||    20
 Cast: Freeze            |    38 |    16 ||    54
       Frozen Ramparts   |       |     2 ||     2
 Stab: Sleeping          |     1 |     3 ||     4
  Eat: Chunk             |     3 |     3 ||     6
Armor: Robe              |     5 |     6 ||    11
Dodge: Dodged            |    41 |    36 ||    77
